 Dungeon Crawl Stone Soup version 0.31.0-11-ge490571c62 (webtiles) character file.

Game seed: 17164536096529115973

742 Arctor the Magician (level 7, -2/36 HPs)
             Began as a Deep Elf Fire Elementalist on Feb 3, 2024.
             Slain by a gnoll sergeant
             ... wielding a +0 trident
              (9 damage)
             ... on level 5 of the Dungeon.
             The game lasted 00:04:18 (5558 turns).

Arctor the Magician (Deep Elf Fire Elementalist)    Turns: 5558, Time: 00:04:19

Health: -2/36      AC:  3    Str:  5    XL:     7   Next: 47%
Magic:  7/17       EV:  7    Int: 22    God:
Gold:   208        SH:  0    Dex: 15    Spells: 14/17 levels left

rFire   + . .        q - staff of conjuration
rCold   . . .        (no shield)
rNeg    . . .        a - +0 robe
rPois   .            (no helmet)
rElec   .            h - +0 cloak
rCorr   .            (no gloves)
SInv    .            (no boots)
Will    .....        t - amulet of the acrobat
Stlth   +++          l - ring of flight
HPRegen 0.26/turn    p - ring of protection from fire
MPRegen 0.15/turn

%: acrobat
@: flying, held
A: no striking features
a: no special abilities


You were on level 5 of the Dungeon.
You visited 1 branch of the dungeon, and saw 5 of its levels.

You collected 208 gold pieces.

Inventory:

Hand Weapons
 c - a +0 short sword
Armour
 a - a +0 robe (worn)
 h - a +0 cloak (worn)
 s - the +3 leather armour of Hepliaklqana's Grace {*Slow Regen+ Int-3 SInv}
   (You found it on level 5 of the Dungeon)

   Int-3:     It affects your intelligence (-3).
   SInv:      It lets you see invisible.
   Regen+:    It increases your rate of health regeneration.
   *Slow:     It may slow you when you take damage.
Magical Staves
 q - a staff of conjuration (weapon)
Jewellery
 l - a ring of flight (left hand)
 p - a ring of protection from fire (right hand)
 t - an amulet of the acrobat (around neck)
 u - an amulet of regeneration
Scrolls
 e - a scroll of vulnerability
 f - 2 scrolls of identify
 i - a scroll of poison
 m - a scroll of noise {unknown}
 n - a scroll of blinking {unknown}
Potions
 b - 2 potions of magic
 d - 4 potions of enlightenment {unknown}
 g - 2 potions of brilliance {unknown}
 j - a potion of ambrosia {unknown}
 k - a potion of degeneration {unknown}
 o - 2 potions of curing {unknown}
 r - a potion of heal wounds {unknown}


   Skills:
 + Level 5.0 Dodging
 + Level 5.3 Stealth
 + Level 5.6 Spellcasting
 + Level 4.0 Conjurations
 + Level 5.2 Fire Magic


You had 14 spell levels left.
You knew the following spells:

 Your Spells              Type           Power      Damage    Failure   Level
a - Foxfire               Conj/Fire      100%       2x1d9     1%          1
b - Scorch                Fire           58%        2d7       1%          2

Your spell library contained the following spells:

 Spells                   Type           Power      Damage    Failure   Level
 Inner Flame              Hex/Fire       17%        N/A       10%         3
 Volatile Blastmotes      Fire/Tloc      34%        2d12      10%         3
 Flame Wave               Conj/Fire      40%        2d11      14%         4


Dungeon Overview and Level Annotations

Branches:
Dungeon (5/15)             Temple (0/1) D:5

Altars:
Okawaru
Qazlal
Uskayaw

Shops:
D:2 !   D:4 =

Annotations:
D:4 1 runed translucent door, bayes525's ghost, amateur DsFE


Message History

Unknown command.
You feel a surge of power!
You conjure some foxfire!
The foxfire hits the gnoll sergeant!
The gnoll sergeant is moderately wounded.
The foxfire hits the gnoll.
You kill the gnoll!
Unknown command.
You feel a surge of power!
You conjure some foxfire!
The foxfire hits the gnoll sergeant but does no damage.
The gnoll sergeant is moderately wounded.
The gnoll sergeant barely misses you.
Unknown command.
You feel a surge of power!
You conjure some foxfire!
The foxfire hits the gnoll sergeant.
The gnoll sergeant is moderately wounded.
The foxfire hits the hound but does no damage.
The gnoll sergeant hits you from afar with a +0 trident!
You feel a surge of power!
You conjure some foxfire!
The foxfire hits the hound!
The hound is heavily wounded.
The gnoll sergeant hits you from afar with a +0 trident!
The hound barely misses you.
Unknown command.
You are too injured to fight recklessly!
Unknown command.
You are too injured to fight recklessly!
Unknown command.
You are too injured to fight recklessly!
Unknown command.
Casting: Foxfire (safe; 1% risk of failure)
Confirm with . or Enter, or press ? or * to list all spells.
Flames lash the gnoll sergeant but do no damage.
The foxfire hits the hound!
The hound is almost dead.
The gnoll sergeant hits you from afar with a +0 trident!
The hound barely misses you.
You struggle against the net.
The hound bites you.
* * * LOW HITPOINT WARNING * * *
The gnoll sergeant hits you from afar with a +0 trident!
You die...

.......[.......#
#.......#.
..#..⌠...⌠..#.#
#[........ ..
.........#.#
#.......#.
....>.)....#
#.......#.
...$.....###
#.........
..⌠..)⌠..###
##.......#.
.....g.....#
#...###....
.......h.#.#
#...#......
#@##.###..........
#v#...........####
#.............#
###..........##
.............#
..............#
...............#
...............#
#####..........#


You could see a gnoll sergeant and a hound (ally target).

Vanquished Creatures
  A centaur (D:5)
  An ogre (D:4)
  A phantom (D:5)
  A quasit (D:4)
  2 hounds
  2 jellies (D:5)
  Jessica (D:3)
  An iguana (D:4)
  2 orc wizards
  5 gnolls (D:5)
  8 adders
  A shadow imp (D:4)
  3 white imps (D:4)
  An ufetubus (D:4)
  4 ribbon worms
  4 dart slugs
  11 orcs
  4 bats
  4 endoplasms
  4 giant cockroaches
  9 goblins
  6 hobgoblins
  A quokka (D:5)
  4 ball pythons
  6 frilled lizards
  7 kobolds
  8 rats
102 creatures vanquished.

Vanquished Creatures (others)
  523 foxfires
523 creatures vanquished.

Grand Total: 625 creatures vanquished

Notes
Turn   | Place    | Note
-------+----------+-------------------------------------------
     0 | D:1      | Arctor the Deep Elf Fire Elementalist began the quest for
                  | the Orb.
     0 | D:1      | Reached XP level 1. HP: 10/10 MP: 6/6
   236 | D:1      | Reached XP level 2. HP: 11/15 MP: 6/8
  1163 | D:2      | Reached XP level 3. HP: 8/19 MP: 4/9
  1265 | D:2      | Learned a level 2 spell: Scorch
  1429 | D:2      | Found Bebbaeps's Distillery.
  2273 | D:3      | Found a stormy altar of Qazlal.
  2355 | D:3      | Found an iron altar of Okawaru.
  2362 | D:3      | Reached XP level 4. HP: 24/24 MP: 7/11
  2482 | D:3      | Found a hide-covered altar of Uskayaw.
  2491 | D:3      | Noticed a +0 hand axe
  2491 | D:3      | Noticed a +0 hand axe
  2660 | D:3      | Noticed Jessica
  2665 | D:3      | Killed Jessica
  2911 | D:3      | Reached XP level 5. HP: 2/28 MP: 1/13
  3711 | D:4      | Reached XP level 6. HP: 23/32 MP: 8/14
  4047 | D:4      | Found Vunuijim's Jewellery Shop.
  4314 | D:4      | Found a runed translucent door.
  4318 | D:4      | Noticed bayes525's ghost (amateur DsFE)
  4598 | D:4      | Reached skill level 5 in Spellcasting
  4839 | D:5      | Entered Level 5 of the Dungeon
  4918 | D:5      | Found a staircase to the Ecumenical Temple.
  4920 | D:5      | Identified the +3 leather armour of Hepliaklqana's Grace
                  | {*Slow Regen+ Int-3 SInv}
  5098 | D:5      | HP: 1/32 [gnoll sergeant/+0 trident (12)]
  5263 | D:5      | Reached XP level 7. HP: 36/36 MP: 13/16
  5354 | D:5      | Reached skill level 5 in Stealth
  5354 | D:5      | Reached skill level 5 in Fire Magic
  5498 | D:5      | Reached skill level 5 in Dodging
  5558 | D:5      | Slain by a gnoll sergeant

Illustrated notes

Levels and vault maps discovered:
D:1:      roderic_octagonal_star, layout_basic, item_on_display_a
D:2:      layout_basic, serial_shops, shop
D:3:      layout_rooms, dancing_weapons_uskayaw, okawaru_gym_becter,
          grunt_qazlal_clouds, grunt_ministairs_3,
          minmay_randomly_rotated_circles, uniq_jessica
D:4:      layout_loops_cross, ebering_ghost_reflecting_pool, serial_demonic,
          serial_demonic_c, serial_demonic_b, serial_demonic_e,
          serial_demonic_a, chequers_mini_garden, nicolae_take_the_stairs
D:5:      layout_rooms, minmay_temple_entry_large_hall

Skill      XL: |  1  2  3  4  5  6  7 |
---------------+----------------------+-----
Stealth        | 3 4 5 |  5.3
Dodging        | 3 4 5 |  5.0
Conjurations   | 2 3 4 |  4.0
Spellcasting   | 4 5 |  5.6
Fire Magic     | 4 5 |  5.2

Action                     |  1- 3 |  4- 6 |  7- 9 || total
---------------------------+-------+-------+-------++-------
  Melee: Unarmed           |     6 |       |       ||     6
         Short sword       |    12 |     5 |       ||    17
         Staff             |       |    22 |       ||    22
   Cast: Foxfire           |   162 |   133 |    36 ||   331
         Scorch            |     2 |    29 |     1 ||    32
    Use: Scroll            |       |     2 |       ||     2
   Stab: Sleeping          |       |     2 |       ||     2
 Armour: Robe              |    20 |    77 |     7 ||   104
  Dodge: Dodged            |    30 |   104 |     3 ||   137
